 Dungeon Crawl Stone Soup version 0.26-a0-771-g060e6a62af (webtiles) character file.

Game seed: 15010636476772091774

810 Queen the Slasher (level 7, -1/61 HPs)
             Began as a Black Draconian Fighter on Nov 8, 2020.
             Killed themself with a bounced orb of electricity (10 damage)
             ... on level 5 of the Dungeon.
             The game lasted 00:12:19 (5389 turns).

Queen the Slasher (Black Draconian Fighter)         Turns: 5389, Time: 00:12:19

Health: -1/61      AC:  8    Str: 17    XL:     7   Next: 61%
Magic:  7/7        EV: 11    Int:  8    God:
Gold:   228        SH:  9    Dex: 10    Spells: 6/6 levels left

rFire    . . .     SeeInvis .   a - +0 long sword
rCold    . . .     Faith    .   b - +0 kite shield
rNeg     . . .     Spirit   .   (armour unavailable)
rPois    .         Reflect  .   (helmet restricted)
rElec    +         Harm     .   (no cloak)
rCorr    .         Rampage  .   f - +1 pair of gloves
MR       .....                  (no boots)
Stlth    ..........             (no amulet)
HPRegen  0.20/turn              g - -4 ring of strength (curse)
MPRegen  0.10/turn              z - ring of attention (curse)

@: no status effects
A: breathe lightning, unfitting armour, electricity resistance, cold-blooded, AC
+6
a: Breathe Lightning


You were on level 5 of the Dungeon.
You visited 1 branch of the dungeon, and saw 5 of its levels.

You collected 228 gold pieces.

Inventory:

Hand Weapons
 a - a +0 long sword (weapon)
Armour
 b - a +0 kite shield (worn)
 f - a +1 pair of gloves (worn)
Jewellery
 g - a cursed -4 ring of strength (left hand)
 w - an uncursed ring of positive energy
 z - a cursed ring of attention (right hand)
 C - the ring of Due Proportion {rF+ rN+ MP-9 Int+4}
   (You took it off an orc on level 4 of the Dungeon)

   [ring of protection from fire]

   It affects your intelligence (+4).
   It protects you from fire.
   It protects you from negative energy.
   It affects your magic capacity (-9).
Wands
 y - a wand of flame (24)
Scrolls
 d - a scroll of blinking
 k - 5 scrolls of teleportation
 m - a scroll of amnesia
 n - 2 scrolls of magic mapping {unknown}
 p - 2 scrolls of remove curse {unknown}
 t - a scroll of enchant weapon {unknown}
 v - a scroll of fog {unknown}
 x - a scroll of fear {unknown}
 A - 3 scrolls of random uselessness {unknown}
 D - a scroll of noise {unknown}
Potions
 c - 4 potions of might
 e - 2 potions of flight
 h - a potion of haste {unknown}
 i - a potion of resistance {unknown}
 j - a potion of berserk rage {unknown}
 l - a potion of attraction {unknown}
 o - 4 potions of curing {unknown}
 q - a potion of lignification {unknown}
 r - a potion of cancellation {unknown}
 s - a potion of degeneration {unknown}
 u - 3 potions of heal wounds {unknown}
 B - a potion of brilliance {unknown}


   Skills:
 + Level 5.3 Fighting
 * Level 5.7 Long Blades
 + Level 4.3 Dodging
 + Level 4.8 Shields


You had 6 spell levels left.
You didn't know any spells.
Your spell library was empty.

Dungeon Overview and Level Annotations

Branches:
Dungeon (5/15)
 Temple: D:4-7

Altars:
Fedhas
Nemelex Xobeh


Innate Abilities, Weirdness & Mutations

You can breathe wild blasts of lightning.
Your glossy black scales are hard. (AC +6)
You cannot fit into any form of body armour.
You are resistant to electric shocks. (rElec)
You are cold-blooded and may be slowed by cold attacks.


Message History

A jackal comes into view.
The jackal barks! x2
The centaur shoots an arrow.
You block the arrow.
There is an open door here.
You see here an arrow.
The centaur shoots an arrow.
The arrow closely misses you.
You see here an arrow.
You close the door, pushing everything out of the way.
You breathe a wild blast of lightning!
You hear a mighty clap of thunder!
The orb of electricity explodes!
The orb of electricity engulfs you. You resist.
* * * LOW HITPOINT WARNING * * *
The orb of electricity engulfs the jackal.
The jackal is lightly wounded.
The orb of electricity explodes! x2
The orb of electricity engulfs the jackal!!
You kill the jackal!
The orb of electricity engulfs you! You resist.
You die...

.. ... ... #. #.#.#.# ..##### #..
#.#...# #..... .#.# #h#...#
#..... #..# ### #.#...# #.....
.#.#####.#####.#h..##... ..#.....
...............#..... .# #.......
....###..c#...h#..###..#.#.......
....###.......(+@......#.....####
...............#(..#...#.........
##.........#####...#...#.........
+......#'#+# #.........#.........
#......# .......#..#..#.........
#......# ........##+# .# ##......
.......# .....#... ..#####.....
.......+ #+####... ........####
.......### #... .#####..#


You could see a jackal.

Vanquished Creatures
  An ice beast (D:5)
  An ogre (D:4)
  A bullfrog (D:4)
  A bullfrog zombie (D:5)
  A hound (D:2)
  2 orc priests (D:4)
  2 orc wizards (D:4)
  3 iguanas
  2 worker ants (D:4)
  6 gnolls
  8 adders
  2 white imps (D:5)
  An ooze (D:1)
  2 worms
  3 leopard geckos
  15 orcs
  3 bats
  4 giant cockroaches
  8 goblins
  3 hobgoblins
  13 jackals
  6 quokkas
  8 ball pythons
  9 frilled lizards
  5 kobolds
  A leopard gecko skeleton (D:4)
  6 rats
117 creatures vanquished.

Notes
Turn   | Place    | Note
-------+----------+-------------------------------------------
     0 | D:1      | Queen the Draconian Fighter began the quest for the Orb.
     0 | D:1      | Reached XP level 1. HP: 19/19 MP: 1/1
   105 | D:1      | Reached XP level 2. HP: 26/26 MP: 2/2
   510 | D:1      | Reached XP level 3. HP: 26/31 MP: 3/3
   868 | D:2      | Reached XP level 4. HP: 37/40 MP: 4/4
  1321 | D:2      | Reached XP level 5. HP: 40/46 MP: 5/5
  1541 | D:2      | You fall into a shaft and drop 1 floor!
  2900 | D:4      | Reached XP level 6. HP: 37/53 MP: 6/6
  3361 | D:4      | Found a sparkling altar of Nemelex Xobeh.
  3828 | D:4      | HP: 1/53 [orc priest/divine providence (12)]
  4502 | D:4      | Identified the ring of Due Proportion {rF+ rN+ MP-9 Int+4}
  4536 | D:4      | Reached skill level 5 in Long Blades
  4536 | D:4      | Your scales start taking on a glossy black colour.
  4536 | D:4      | Reached XP level 7. HP: 60/60 MP: 7/7
  4536 | D:4      | Gained mutation: You are resistant to electric shocks.
                  | (rElec) [Black Draconian growth]
  4592 | D:4      | Reached skill level 5 in Fighting
  4922 | D:4      | Found a blossoming altar of Fedhas.
  4996 | D:5      | Entered Level 5 of the Dungeon
  5123 | D:5      | Found a sparkling altar of Nemelex Xobeh.
  5389 | D:5      | Killed themself with a bounced orb of electricity

Illustrated notes

Levels and vault maps discovered:
D:1:      lightli_arrival_isolated_outpost, layout_basic, minmay_lizard_pond
D:2:      layout_loops_cross, minmay_snake_closets
D:3:      layout_loops_cross, serial_glass, glass_columns_c, glass_columns_b,
          kennysheep_generic_room_6
D:4:      layout_rooms, overflow_temple_1_default, fedhas_altar_fruit_tree
D:5:      layout_basic, cheibrodos_worm_habitat, minmay_misc_feat_room,
          nemelex_xobeh_ov_fountains_minmay

Skill      XL: |  1  2  3  4  5  6  7 |
---------------+----------------------+-----
Dodging        | 3 4 |  4.3
Long Blades    | 3 4 5 |  5.7
Fighting       | 4 5 |  5.3
Shields        | 4 |  4.8

Action                   |  1- 3 |  4- 6 |  7- 9 || total
-------------------------+-------+-------+-------++-------
Melee: Long sword        |    90 |   341 |    52 ||   483
       Tailslap          |    13 |    36 |     7 ||    56
 Abil: Breathe Lightning |       |       |     4 ||     4
  Use: Scroll            |       |     5 |     1 ||     6
 Stab: Sleeping          |     1 |     2 |       ||     3
Armor: Skin              |    43 |    86 |     8 ||   137
Dodge: Dodged            |    52 |   146 |    23 ||   221
Block: Kite shield       |    44 |   139 |    27 ||   210
       Rpst.: Long sword |    17 |    34 |     4 ||    55

Table legend: (Time is in decaauts)
 A = Elapsed time spent in this place.
 B = Non-inter-level travel time spent in this place.
 C = Inter-level travel time spent in this place.
 D = Time resting spent in this place.
 E = Time spent auto-exploring this place.
 F = Levels seen in this place.
 G = Mean time per level.
                   A        B        C        D        E       F      G
               +--------+--------+--------+--------+--------+-----+--------+
         Total |   5542 |   5388 |    154 |   2202 |   1949 |   5 | 1108.4 |
       Dungeon |   5542 |   5388 |    154 |   2202 |   1949 |   5 | 1108.4 |
               +--------+--------+--------+--------+--------+-----+--------+

Top non-repeatable levels by time:
     D:4: 1745 daAuts
     D:3: 1709 daAuts
     D:2: 938 daAuts
     D:1: 750 daAuts
     D:5: 398 daAuts
